 Dungeon Crawl Stone Soup version 0.25-a0-346-g140ab78 (webtiles) character file.

Game seed: 10429231731724837205, levelgen mode: deterministic

13829 Eglamore the Basher (level 11, -8/99 HPs)
             Began as a Minotaur Fighter on Dec 31, 2019.
             Was a High Priest of Okawaru.
             Mangled by a dream sheep (25 damage)
             ... led by a torpor snail
             ... on level 2 of the Lair of Beasts.
             The game lasted 00:28:39 (10795 turns).

Eglamore the Basher (Minotaur Fighter)             Turns: 10795, Time: 00:28:39

Health: -8/99      AC: 17    Str: 27    XL:     11   Next: 80%
Magic:  11/11      EV:  9    Int:  5    God:    Okawaru [*****.]
Gold:   640        SH:  0    Dex:  9    Spells: 10/10 levels left

rFire    + . .     SeeInvis .   H - +5 flail (venom)
rCold    + . .     Gourm    +   c - +0 shield
rNeg     . . .     Faith    .   u - +0 plate armour
rPois    .         Spirit   .   (helmet unavailable)
rElec    .         Reflect  .   F - scarf {rC+ rF+}
rCorr    .         Harm     .   (no gloves)
MR       +....                  Q - +0 pair of boots {run}
Stlth    ..........             v - amulet of the gourmand
HPRegen  0.26/turn              z - +1 ring of protection
MPRegen  0.12/turn              L - ring "Nesirph" {*Contam +Inv MR+ Str+2 Slay+2}

@: sleeping, slowed, quick
A: retaliatory headbutt, horns 3, sense surroundings 1, subdued magic 1
a: Heroism, Finesse, Renounce Religion, Evoke Invisibility


You were on level 2 of the Lair of Beasts.
You worshipped Okawaru.
Okawaru was extremely pleased with you.
You were very full.

You visited 3 branches of the dungeon, and saw 13 of its levels.
You also visited: Gauntlet.

You collected 640 gold pieces.

Inventory:

Hand Weapons
 H - a +5 flail of venom (weapon)
Missiles
 X - 7 boomerangs of dispersal (quivered)
Armour
 c - a +0 shield (worn)
 u - a +0 plate armour (worn)
 F - a scarf of resistance (worn)
 Q - a +0 pair of boots of running (worn)
Jewellery
 i - a +4 ring of intelligence
 v - an amulet of the gourmand (around neck)
 y - an uncursed ring of teleportation
 z - a +1 ring of protection (left hand)
 L - the ring "Nesirph" (right hand) {*Contam +Inv MR+ Str+2 Slay+2}
   (You found it in a Gauntlet)

   [ring of protection from magic]

   It affects your strength (+2).
   It affects your accuracy and damage with ranged weapons and melee attacks
   (+2).
   It affects your resistance to hostile enchantments.
   It lets you turn invisible.
   It causes magical contamination when unequipped.
 W - an uncursed ring of ice
Wands
 a - a wand of digging (6)
 t - a wand of iceblast (15)
 G - a wand of flame (18)
 O - a wand of scattershot (8)
 U - a wand of acid (4)
Scrolls
 j - 10 scrolls of remove curse
 l - 2 scrolls of fog
 m - 5 scrolls of teleportation
 A - a scroll of blinking
 D - a scroll of magic mapping
 I - 2 scrolls of brand weapon {unknown}
 M - a scroll of random uselessness {unknown}
 S - a scroll of immolation {unknown}
 T - a scroll of torment {unknown}
 V - a scroll of enchant armour {unknown}
Potions
 g - 3 potions of haste
 p - a potion of agility
 q - 2 potions of heal wounds
 r - 3 potions of flight
 s - 2 potions of curing
 x - 6 potions of lignification
 C - 2 potions of invisibility
 N - a potion of resistance
Comestibles
 f - 29 rations


   Skills:
 + Level 10.0 Fighting
 + Level 12.7 Maces & Flails
 + Level 11.2 Armour
 - Level 4.3 Dodging
 - Level 1.2 Stealth
 + Level 11.7 Shields
 - Level 1.8 Invocations


You had 10 spell levels left.
You didn't know any spells.
Your spell library contained the following spells:

 Spells                   Type           Power        Failure   Level  Hunger
 Foxfire                  Conj/Fire      #...         99%         1    ##.....
 Conjure Flame            Conj/Fire      #.......     100%        3    ####...
 Inner Flame              Hex/Fire       #.......     100%        3    ####...
 Sticky Flame             Conj/Fire      #.......     100%        4    #####..
 Fireball                 Conj/Fire      #.........   100%        5    ######.
 Irradiate                Conj/Tmut      #.........   100%        5    ######.
 Hydra Form               Tmut           #.........   100%        6    #######
 Statue Form              Tmut/Erth      #........    100%        6    #######
 Dragon Form              Tmut           #.........   100%        7    #######


Dungeon Overview and Level Annotations

Branches:
Dungeon (10/15)            Temple (1/1) D:6            Lair (2/6) D:10
Gauntlet (visited)
  Swamp: Lair:2-4    Shoals: Lair:2-4     Snake: Lair:2-4    Spider: Lair:2-4
    Orc: D:9-12

Altars:
Ashenzari
Cheibriados
Dithmenos
Elyvilon
Fedhas
Gozag
Hepliaklqana
Kikubaaqudgha
Makhleb
Nemelex Xobeh
Okawaru
Qazlal
Ru
Sif Muna
Trog
Uskayaw
Vehumet
Wu Jian
Xom
Yredelemnul
Zin
The Shining One

Annotations:
D:7 3 runed translucent doors, probablyafish's ghost, novice HaAs


Innate Abilities, Weirdness & Mutations

You reflexively headbutt those who attack you in melee.
You have a pair of large horns on your head.
You passively map a small area around you.
Your spells are a little easier to cast, but a little less powerful.


Message History

The dream sheep shake their wool and sparkle.
You feel drowsy...
You fall asleep.
The porcupine bites you!!
You wake up.
* * * LOW HITPOINT WARNING * * *
You block the dream sheep's attack. The dream sheep bites you.
* * * LOW HITPOINT WARNING * * *
You block the porcupine's attack.
The dream sheep bites you but does no damage.
The porcupine barely misses you. You furiously retaliate!
You headbutt the porcupine!
You kill the porcupine!
Okawaru accepts your kill.
The dream sheep bites you but does no damage.
You block the dream sheep's attack.
The dream sheep shake their wool and sparkle.
You feel drowsy...
You fall asleep.
The dream sheep bites you but does no damage.
The dream sheep barely misses you. The dream sheep bites you!!
You die...

##......#
#......#
##......##
#....w...#
#.....Y..#
##.......#
#....Y..#
##...YY.##
#P....@.##
#P.......#
##......##
#....<..#
#.......##
##.......#
#......##
#..(...#
#......P


You could see a torpor snail and 4 dream sheep.

Vanquished Creatures
  A minotaur (Gauntlet)
  A hell beast (Gauntlet)
  A hydra (Lair:1)
  The ghost of Papayamessiah the Cleaver, a novice MiBe of Trog (D:9)
  Erica (D:7)
  A fire crab (Gauntlet)
  An oklob plant (Gauntlet)
  Maurice (D:8)
  2 spiny frogs
  A tengu conjurer (D:10)
  2 trolls
  Prince Ribbit (D:8)
  5 blink frogs (Lair:1)
  Sigmund (D:2)
  2 wyverns
  A yak (D:7)
  3 hogs (D:7)
  3 fire bats (Gauntlet)
  A human (D:7)
  Edmund (D:6)
  3 water moccasins
  2 acid dragons (Gauntlet)
  3 porcupines
  2 orc warriors
  4 ice beasts
  2 sky beasts
  An ogre (D:9)
  A phantom (D:8)
  5 wolves (Lair:1)
  3 centaurs
  3 crocodiles (Lair:1)
  Blork the orc (D:6)
  5 bullfrogs
  2 scorpions
  A water moccasin skeleton (D:6)
  4 wights
  3 howler monkeys
  2 crimson imps (D:6)
  A centaur zombie (D:6)
  4 hounds
  2 jellies
  Crazy Yiuf (D:5)
  2 centaur skeletons
  9 orc priests
  A bullfrog skeleton (D:8)
  A gnoll shaman (D:7)
  An iguana (D:7)
  14 orc wizards
  6 worker ants
  A hound zombie (D:6)
  A hound skeleton (D:6)
  2 worker ant zombies
  Robin (D:4)
  11 gnolls
  9 adders
  A shadow imp (D:7)
  An adder skeleton (D:8)
  A worm (D:2)
  2 dart slugs
  5 leopard geckos
  27 orcs
  4 giant cockroaches
  14 goblins
  6 hobgoblins
  12 jackals
  6 quokkas
  8 bats
  5 frilled lizards
  3 kobolds
  8 rats
248 creatures vanquished.

Vanquished Creatures (others)
  A hungry ghost (D:8)
  A human (D:2)
  8 demonic plants (Gauntlet)
  A fungus (Lair:2)
  A plant (Lair:2)
12 creatures vanquished.

Grand Total: 260 creatures vanquished

Notes
Turn   | Place    | Note
-------+----------+-------------------------------------------
     0 | D:1      | Eglamore the Minotaur Fighter began the quest for the Orb.
     0 | D:1      | Reached XP level 1. HP: 19/19 MP: 0/0
    48 | D:1      | Reached XP level 2. HP: 20/27 MP: 1/1
   475 | D:2      | Reached skill level 3 in Maces & Flails
   516 | D:2      | Reached XP level 3. HP: 22/33 MP: 2/2
   552 | D:2      | Found a faded altar of an unknown god.
   656 | D:2      | Found an ancient bone altar of Kikubaaqudgha.
   657 | D:2      | Noticed a human
   661 | D:2      | Killed a human
   735 | D:2      | Reached XP level 4. HP: 39/40 MP: 3/3
   807 | D:2      | Noticed Sigmund
   825 | D:2      | Killed Sigmund
   825 | D:2      | Reached skill level 4 in Maces & Flails
   825 | D:2      | Reached skill level 5 in Armour
   825 | D:2      | Reached skill level 1 in Dodging
   825 | D:2      | Reached XP level 5. HP: 22/47 MP: 4/4
  1291 | D:3      | Noticed a sky beast
  1303 | D:3      | Killed a sky beast
  1303 | D:3      | Reached skill level 5 in Maces & Flails
  1303 | D:3      | Reached XP level 6. HP: 47/53 MP: 5/5
  1921 | D:4      | Reached skill level 5 in Shields
  2421 | D:4      | Noticed Robin
  2429 | D:4      | Killed Robin
  2483 | D:4      | Reached XP level 7. HP: 60/60 MP: 6/6
  2766 | D:5      | Entered Level 5 of the Dungeon
  2800 | D:5      | Reached skill level 6 in Maces & Flails
  3182 | D:5      | Found a white marble altar of Elyvilon.
  3182 | D:5      | Found a stormy altar of Qazlal.
  3238 | D:5      | Reached skill level 5 in Fighting
  3265 | D:5      | HP: 3/61 [poisoned by a water moccasin]
  4228 | D:5      | Found a runed translucent door.
  4229 | D:5      | Noticed Crazy Yiuf
  4237 | D:5      | Killed Crazy Yiuf
  4237 | D:5      | Reached XP level 8. HP: 69/69 MP: 7/7
  4397 | D:5      | Reached skill level 7 in Maces & Flails
  4654 | D:6      | Gained mutation: Your mind is acute. (Int +2) [potion of
                  | mutation]
  4654 | D:6      | Gained mutation: Your spells are a little harder to cast,
                  | but a little more powerful. [potion of mutation]
  4654 | D:6      | Gained mutation: Your body sometimes deteriorates upon
                  | taking damage. [potion of mutation]
  4654 | D:6      | Gained mutation: You are robust. (+10% HP) [potion of
                  | mutation]
  4655 | D:6      | Lost mutation: Your mind is acute. (Int +2) [potion of
                  | mutation]
  4655 | D:6      | Lost mutation: Your body sometimes deteriorates upon taking
                  | damage. [potion of mutation]
  4655 | D:6      | Lost mutation: Your spells are a little harder to cast, but
                  | a little more powerful. [potion of mutation]
  4655 | D:6      | Lost mutation: You are robust. (+10% HP) [potion of
                  | mutation]
  4655 | D:6      | Gained mutation: Your spells are a little easier to cast,
                  | but a little less powerful. [potion of mutation]
  4655 | D:6      | Gained mutation: You passively map a small area around you.
                  | [potion of mutation]
  4655 | D:6      | Gained mutation: You have a pair of large horns on your
                  | head. [potion of mutation]
  4660 | D:6      | Found a staircase to the Ecumenical Temple.
  4674 | Temple   | Entered the Ecumenical Temple
  4730 | Temple   | Became a worshipper of Warmaster Okawaru
  4925 | D:6      | Reached skill level 8 in Maces & Flails
  5122 | D:6      | Noticed Edmund
  5134 | D:6      | Killed Edmund
  5134 | D:6      | Reached * piety under Okawaru
  5178 | D:6      | Reached XP level 9. HP: 39/77 MP: 8/8
  5425 | D:6      | Noticed Blork the orc
  5434 | D:6      | Killed Blork the orc
  5740 | D:7      | Reached skill level 9 in Maces & Flails
  6209 | D:7      | Noticed a troll
  6219 | D:7      | Killed a troll
  6219 | D:7      | Reached ** piety under Okawaru
  6415 | D:7      | Reached skill level 10 in Maces & Flails
  6571 | D:7      | Found a runed translucent gate.
  6571 | D:7      | Found a runed translucent gate.
  6571 | D:7      | Found a runed translucent gate.
  6571 | D:7      | Noticed probablyafish's ghost (novice HaAs)
  6831 | D:8      | Noticed Maurice
  6839 | D:7      | Reached *** piety under Okawaru
  6839 | D:7      | Reached XP level 10. HP: 81/88 MP: 9/9
  6860 | D:8      | Killed Maurice
  6880 | D:8      | Noticed Prince Ribbit
  6881 | D:8      | Noticed Erica
  6965 | D:7      | Killed Erica
  6965 | D:7      | Reached skill level 11 in Maces & Flails
  6978 | D:8      | Killed Prince Ribbit
  7090 | D:8      | Reached **** piety under Okawaru
  7942 | D:9      | Noticed Papayamessiah's ghost (novice MiBe)
  7953 | D:9      | Found a runed translucent door.
  7972 | D:9      | Killed Papayamessiah's ghost
  7972 | D:9      | Reached skill level 10 in Shields
  8188 | D:10     | Entered Level 10 of the Dungeon
  8273 | D:10     | Found a staircase to the Lair.
  8279 | Lair:1   | Entered Level 1 of the Lair of Beasts
  8322 | Lair:1   | Found a gate leading to a gauntlet.
  8331 | Gauntlet | Entered a Gauntlet
  8331 | Gauntlet | Found a transporter.
  8344 | Gauntlet | Found a transporter.
  8347 | Gauntlet | Noticed an oklob plant
  8355 | Gauntlet | Found a transporter.
  8360 | Gauntlet | Found a transporter.
  8374 | Gauntlet | Noticed a death drake
  8377 | Gauntlet | Found a transporter.
  8395 | Gauntlet | Found a transporter.
  8395 | Gauntlet | Noticed an orange crystal statue
  8407 | Gauntlet | Found a transporter.
  8410 | Gauntlet | Noticed a death ooze
  8415 | Gauntlet | Found a large runed translucent door.
  8416 | Gauntlet | Found a large runed translucent door.
  8417 | Gauntlet | Found a large runed translucent door.
  8417 | Gauntlet | Found a large runed translucent door.
  8418 | Gauntlet | Found a runed translucent gate.
  8419 | Gauntlet | Found a transporter.
  8419 | Gauntlet | Found a runed translucent gate.
  8419 | Gauntlet | Noticed a death yak
  8419 | Gauntlet | Noticed a torpor snail
  8420 | Gauntlet | Found a runed translucent gate.
  8420 | Gauntlet | Noticed a death yak
  8420 | Gauntlet | Noticed a death yak
  8421 | Gauntlet | Found a large runed translucent door.
  8421 | Gauntlet | Found a large runed translucent door.
  8421 | Gauntlet | Noticed a death yak
  8421 | Gauntlet | Noticed a death yak
  8422 | Gauntlet | Found a large runed translucent door.
  8423 | Gauntlet | Found a large runed translucent door.
  8427 | Gauntlet | Noticed an orange demon
  8428 | Gauntlet | Noticed an orange demon
  8429 | Gauntlet | Noticed a green death
  8431 | Gauntlet | Found a transporter.
  8433 | Gauntlet | Found a large runed translucent door.
  8433 | Gauntlet | Found a large runed translucent door.
  8433 | Gauntlet | Found a runed translucent door.
  8433 | Gauntlet | Found a runed translucent door.
  8434 | Gauntlet | Found a large runed translucent door.
  8435 | Gauntlet | Found a large runed translucent door.
  8437 | Gauntlet | Found a transporter.
  8437 | Gauntlet | Found a transporter.
  8452 | Gauntlet | Found a transporter.
  8454 | Gauntlet | Noticed a hell beast
  8469 | Gauntlet | Found a transporter.
  8489 | Gauntlet | Found a transporter.
  8490 | Gauntlet | Noticed a fire crab
  8513 | Gauntlet | Noticed an oklob plant
  8514 | Gauntlet | Found a transporter.
  8516 | Gauntlet | Found a transporter.
  8536 | Gauntlet | Found a transporter.
  8614 | Gauntlet | Found a transporter.
  8630 | Gauntlet | Found a large runed translucent door.
  8630 | Gauntlet | Found a large runed translucent door.
  8631 | Gauntlet | Found a large runed translucent door.
  8632 | Gauntlet | Found a large runed translucent door.
  8843 | Gauntlet | Killed an oklob plant
  8843 | Gauntlet | Reached ***** piety under Okawaru
  8849 | Gauntlet | Reached XP level 11. HP: 37/97 MP: 10/10
  8853 | Gauntlet | Reached skill level 10 in Armour
  8860 | Gauntlet | Got a heavily runed copper ring
  8861 | Gauntlet | Identified the ring "Nesirph" {*Contam +Inv MR+ Str+2
                  | Slay+2} (You found it in a Gauntlet)
  9243 | Gauntlet | Reached skill level 12 in Maces & Flails
  9248 | Gauntlet | Killed a fire crab
  9248 | Gauntlet | Reached skill level 1 in Stealth
  9279 | Gauntlet | Identified a +0 pair of boots of running (You found it in a
                  | Gauntlet)
  9336 | Gauntlet | Killed a hell beast
  9336 | Gauntlet | Received a gift from Okawaru
  9415 | Gauntlet | Noticed a minotaur
  9423 | Gauntlet | Killed a minotaur
  9488 | Lair:1   | Noticed a seven-headed hydra
  9492 | Lair:1   | Reached skill level 1 in Invocations
  9514 | Lair:1   | Killed a seven-headed hydra
 10749 | Lair:2   | Reached skill level 10 in Fighting
 10795 | Lair:2   | Mangled by a dream sheep

Levels and vault maps discovered:
D:1:      dpeg_arrival_radiant, layout_rooms, minmay_pentomino_z2
D:2:      layout_basic, chequers_ecumenical_altar_simple, first_ration,
          serial_park_tiny_1, tgw_kikubaaqudgha, uniq_sigmund
D:3:      layout_loops_ring
D:4:      layout_loops_ring, uniq_robin
D:5:      layout_cave_pods, gammafunk_temple_overflow_pools, serial_glass,
          glass_columns_a, glass_columns_c, glass_columns_a, glass_columns_c,
          glass_columns_a, glass_columns_c, glass_columns_c, glass_columns_a,
          glass_columns_a, glass_columns_a, uniq_crazy_yiuf_cottage
D:6:      layout_gridville, minmay_temple_entry_overgrown, uniq_edmund,
          uniq_blork_the_orc
D:7:      layout_loops_ring, gammafunk_ghost_necromancy, grunt_livestock
D:8:      layout_rooms, uniq_prince_ribbit1, uniq_erica, uniq_maurice
D:9:      layout_loops_ring, hellmonk_ghost_happy_afterlife,
          hangedman_glass_teeth, minivault_16, eino_tiny_chamber
D:10:     layout_stronghold, lair_entry_dummy
Temple:   regret_index_temple_chain_breaker
Lair:1:   layout_long_grid, gauntlet_entry_generic, grunt_megastairs_3,
          serial_bayou_shore_a
Lair:2:   layout_big_grid, beast_lair_carwin_11, uniq_gastronok

Skill      XL: |  1  2  3  4  5  6  7  8  9 10 11 |
---------------+----------------------------------+-----
Fighting       | 4 5 6 7 9 10 | 10.0
Shields        | 4 5 7 8 10 11 | 11.7
Maces & Flails | 3 4 5 6 8 10 11 12 | 12.7
Armour         | 4 5 6 7 8 9 11 | 11.2
Dodging        | 1 2 3 4 |  4.3
Stealth        | 1 |  1.2
Invocations    | 1 |  1.8

Action                   |  1- 3 |  4- 6 |  7- 9 | 10-12 || total
-------------------------+-------+-------+-------+-------++-------
Melee: Flail             |    79 |   109 |   340 |   205 ||   733
       Headbutt          |    17 |    14 |    54 |    42 ||   127
Invok: Heroism           |       |       |     1 |     5 ||     6
  Use: Scroll            |       |       |    12 |     8 ||    20
       Potion            |       |       |     3 |     1 ||     4
  Eat: Chunk             |       |    21 |    14 |    18 ||    53
Armor: Scale mail        |    44 |    39 |    83 |       ||   166
       Plate armour      |       |       |    42 |   110 ||   152
       Chain mail        |       |       |     4 |       ||     4
Dodge: Dodged            |    25 |    34 |   100 |    75 ||   234
Block: Shield            |    42 |    47 |   162 |   152 ||   403

Table legend:
 A = Non-vault XP
 B = Vault XP
 C = Vault XP percentage of total XP
 D = Non-vault monster count
 E = Vault monster count
 F = Vault count percentage of total count
                 A         B        C        D         E       F
            +---------+---------+-------+---------+---------+-------
      Total |    9772 |    9984 |  50.5 |     210 |      39 |  15.7
            +---------+---------+-------+---------+---------+-------
        D:1 |      21 |       2 |   8.7 |      12 |       2 |  14.3
        D:2 |     107 |     220 |  67.3 |      33 |       1 |   2.9
        D:3 |     158 |       0 |   0.0 |      12 |       0 |   0.0
        D:4 |     199 |      26 |  11.6 |       9 |       8 |  47.1
        D:5 |     968 |      41 |   4.1 |      21 |       1 |   4.5
        D:6 |    1079 |     263 |  19.6 |      34 |       2 |   5.6
        D:7 |    1544 |    1858 |  54.6 |      41 |       6 |  12.8
        D:8 |     478 |     713 |  59.9 |      11 |       2 |  15.4
        D:9 |    1403 |     909 |  39.3 |      19 |       1 |   5.0
       D:10 |     383 |       0 |   0.0 |       2 |       0 |   0.0
     Lair:1 |    2721 |    1494 |  35.4 |      13 |       7 |  35.0
     Lair:2 |     711 |       0 |   0.0 |       3 |       0 |   0.0
   Gauntlet |       0 |    4458 | 100.0 |       0 |       9 | 100.0
            +---------+---------+-------+---------+---------+-------
